 Dungeon Crawl Stone Soup version 0.30.1-11-g7821555f0a (webtiles) character file.

Game seed: 14173040883711174336

2860 pkoi the Martial Artist (level 9, -2/74 HPs)
             Began as a White Draconian Monk on Oct 30, 2023.
             Was a High Priest of Cheibriados.
             Slain by Joseph
             ... wielding a +0 quarterstaff
              (14 damage)
             ... on level 7 of the Dungeon.
             The game lasted 00:08:40 (7112 turns).

pkoi the Martial Artist (White Draconian Monk)      Turns: 7112, Time: 00:08:41

Health: -2/74      AC:  7    Str: 23    XL:     9   Next: 47%
Magic:  2/14       EV: 16    Int: 24    God:    Cheibriados [*****.]
Gold:   470        SH:  0    Dex: 30    Spells: 9/12 levels left

rFire   + .          .
                       - Unarmed
rCold   + . .        b - orb {light}
rNeg    . . .        (body armour unavailable)
rPois   .            (helmet restricted)
rElec   .            (no cloak)
rCorr   .            (no gloves)
SInv    .            (no boots)
Will    .....        (no amulet)
Stlth   +            e - ring of protection from fire
HPRegen 0.32/turn    (no ring)
MPRegen 0.14/turn

%: no passive effects
@: confusing by touch, glowing, very slow
A: breathe frost, AC +7, unfitting armour, cold resistance 1, cold-blooded,
hooves 1, agile 1
a: Breathe Frost, Renounce Religion, Bend Time, Temporal Distortion, Slouch,
Step From Time


You were on level 7 of the Dungeon.
You worshipped Cheibriados.
Cheibriados was extremely pleased with you.
You visited 2 branches of the dungeon, and saw 8 of its levels.
You also visited: Sewer.

You collected 470 gold pieces.

Inventory:

Hand Weapons
 c - a +2 spear of venom
Missiles
 m - a boomerang of dispersal (quivered)
 o - 2 curare-tipped darts
Armour
 b - an orb of light (worn)
Jewellery
 e - a ring of protection from fire (left hand)
 t - a ring of wizardry
Wands
 f - a wand of flame (20)
 r - a wand of polymorph (13)
Scrolls
 d - 2 scrolls of teleportation
 h - a scroll of enchant armour
 j - 2 scrolls of vulnerability
 l - a scroll of enchant weapon
 n - a scroll of fog
 q - a scroll of blinking
 u - a scroll of identify
Potions
 a - 2 potions of ambrosia
 g - a potion of curing
 i - a potion of invisibility
 k - a potion of magic
 p - 2 potions of heal wounds
 s - 2 potions of haste {unknown}


   Skills:
 - Level 5.3 Fighting
 - Level 4.4 Dodging
 + Level 9.3 Unarmed Combat
 + Level 2.3 Spellcasting
 + Level 2.3 Hexes
 + Level 7.6 Invocations


You had 9 spell levels left.
You knew the following spells:

 Your Spells              Type           Power      Damage    Failure   Level
a - Confusing Touch       Hex            14%        N/A       13%         3

Your spell library contained the following spells:

 Spells                   Type           Power      Damage    Failure   Level
 Ensorcelled Hibernation  Hex/Ice        16%        N/A       11%         2
 Kiss of Death            Conj/Necr      8%         2d6       12%         1
 Spider Form              Tmut/Pois      2%         N/A       34%         3
 Anguish                  Hex/Necr       4%         N/A       56%         4
 Dispel Undead            Necr           2%         3d7       75%         4
 Chain Lightning          Conj/Air       1%         3d1       100%        9
 Fire Storm               Conj/Fire      1%         7d1       100%        9
 Shatter                  Erth           1%         3d5*      100%        9


Dungeon Overview and Level Annotations

Branches:
Dungeon (7/15)             Temple (1/1) D:4           Sewer (visited)

Altars:
Ashenzari
Cheibriados
Dithmenos
Elyvilon
Fedhas
Hepliaklqana
Kikubaaqudgha
Makhleb
Nemelex Xobeh
Okawaru
Qazlal
Ru
Sif Muna
Trog
Uskayaw
Vehumet
Wu Jian
Xom
Yredelemnul
Zin
The Shining One

Shops:
D:4 =   D:5 *

Annotations:
D:6 3 runed translucent doors, middlethird's ghost, novice VSEE
D:7 Joseph


Innate Abilities, Weirdness & Mutations

You can breathe waves of freezing cold which knock back foes.
Your icy white scales are hard. (AC +7)
You cannot fit into any form of body armour.
Your flesh is cold resistant. (rC+)
You are cold-blooded and may be slowed by cold attacks.
You have large cloven feet.
You are agile. (Dex +4, Str/Int -1)


Message History

You punch the scorpion!
You kick the scorpion, but do no damage.
The scorpion is heavily wounded.
The orc hits you with a +0 flail. The scorpion barely misses you.
You punch the scorpion! You kick the scorpion.
You kill the scorpion!
Cheibriados thoroughly appreciates the change of pace.
The orc closely misses you.
Joseph zaps a wand.
Some rock shatters into small pieces.
The now-empty wand crumbles to dust.
You punch the orc!
You kill the orc!
Cheibriados appreciates the change of pace.
A steam dragon comes into view.
Unknown command.
The steam dragon misses you. The steam dragon claws you.
Joseph unwields a +0 quarterstaff.
Joseph wields a +3 sling of freezing.
It is covered in frost.
Joseph shoots a sling bullet.
The sling bullet closely misses you. The steam dragon barely misses you.
The steam dragon misses you.
Joseph shoots a sling bullet.
The sling bullet hits you!
* * * LOW HITPOINT WARNING * * *
The sling bullet freezes you.
* * * LOW HITPOINT WARNING * * *
The steam dragon misses you. The steam dragon closely misses you.
Joseph unwields a +3 sling of freezing.
Joseph wields a +0 quarterstaff.
Joseph barely misses you. The steam dragon misses you.
The steam dragon completely misses you.
Unknown command.
Unknown command.
Casting: Confusing Touch (dangerous; 13% risk of failure)
Confirm with . or Enter, or press ? or * to list all spells.
Your hands begin to glow red.
Joseph hits you with a +0 quarterstaff!
* * * LOW HITPOINT WARNING * * *
The steam dragon closely misses you.
The steam dragon claws you but does no damage.
Unknown command.
You hit Joseph but do no damage.
Your tail-slap misses Joseph.
The sentinel's mark upon you fades away.
Joseph hits you with a +0 quarterstaff!
You die...

#...[.#.#...........
#.#.##..†..>##########
#.#.#...#..........
#.......###.###....
#.......##....# ..
#>#...#......8...
......#...)......
#.#.#.D.).)....._ #
#+###@..)......
.......@...#.8...
......#..##.#...#
......#.## ######
#.... ..# #.... #..
#... +.. ##.. ..#


You could see Joseph and a steam dragon.

Vanquished Creatures
  A wyvern (D:7)
  Menkaure (D:4)
  3 water moccasins
  3 black bears (D:6)
  3 sky beasts
  An orc warrior (D:7)
  A centaur (D:5)
  2 ogres (D:7)
  Blork the orc (D:4)
  2 bullfrogs
  3 scorpions
  4 wights (D:6)
  3 hounds
  5 jellies
  An orc priest (D:5)
  A gnoll bouda (D:6)
  Ijyb (D:4)
  2 sleepcaps
  6 iguanas
  2 orc wizards
  7 gnolls
  5 adders
  An ufetubus (D:6)
  3 worms
  A dart slug (D:4)
  15 orcs
  8 endoplasms
  6 giant cockroaches
  7 goblins
  3 hobgoblins
  8 jackals
  11 kobolds
  10 quokkas
  5 ball pythons
  2 bats
  4 frilled lizards
  6 rats
148 creatures vanquished.

Notes
Turn   | Place    | Note
-------+----------+-------------------------------------------
     0 | D:1      | pkoi the Draconian Monk began the quest for the Orb.
     0 | D:1      | Reached XP level 1. HP: 19/19 MP: 1/1
   180 | D:1      | You fall into a shaft and drop 1 floor!
   187 | D:2      | Found a hide-covered altar of Uskayaw.
   225 | D:2      | Reached XP level 2. HP: 13/26 MP: 2/2
   465 | D:1      | Reached skill level 4 in Unarmed Combat
   589 | D:1      | Reached XP level 3. HP: 31/31 MP: 3/3
   729 | D:1      | Found a faded altar of an unknown god.
  1572 | D:3      | Found an ancient bone altar of Kikubaaqudgha.
  1646 | D:3      | Reached skill level 5 in Unarmed Combat
  1646 | D:3      | Reached XP level 4. HP: 38/38 MP: 4/4
  1866 | D:3      | Found a shimmering altar of Xom.
  1868 | D:3      | Found a snail-covered altar of Cheibriados.
  2504 | D:4      | Noticed a scorpion
  2547 | D:3      | Found an iron altar of Okawaru.
  2566 | D:3      | Became a worshipper of Cheibriados the Contemplative
  2566 | D:3      | Reached * piety under Cheibriados
  2566 | D:3      | Reached ** piety under Cheibriados
  2583 | D:4      | Killed a scorpion
  2584 | D:4      | Reached skill level 6 in Unarmed Combat
  2584 | D:4      | Reached XP level 5. HP: 27/45 MP: 5/5
  2901 | D:4      | Found a staircase to the Ecumenical Temple.
  2915 | Temple   | Entered the Ecumenical Temple
  3113 | D:4      | Noticed Menkaure
  3122 | D:4      | Killed Menkaure
  3123 | D:4      | Reached skill level 7 in Unarmed Combat
  3123 | D:4      | Reached XP level 6. HP: 23/51 MP: 6/6
  3753 | D:4      | Noticed Blork the orc
  3757 | D:4      | Reached skill level 1 in Invocations
  3767 | D:4      | Killed Blork the orc
  3962 | D:4      | Found Qokuwuh's Jewellery Boutique.
  3973 | D:4      | Gained mutation: You are occasionally teleported next to
                  | monsters. [potion of mutation]
  3974 | D:4      | Lost mutation: You are occasionally teleported next to
                  | monsters. [potion of mutation]
  3974 | D:4      | Gained mutation: You are agile. (Dex +4, Str/Int -1)
                  | [potion of mutation]
  3974 | D:4      | Gained mutation: You have large cloven feet. [potion of
                  | mutation]
  4116 | D:4      | Found a white marble altar of Elyvilon.
  4165 | D:4      | Noticed Ijyb
  4177 | D:4      | Killed Ijyb
  4219 | D:5      | Entered Level 5 of the Dungeon
  4290 | D:5      | Your scales start taking on an icy white colour.
  4290 | D:5      | Reached XP level 7. HP: 36/58 MP: 8/8
  4290 | D:5      | Gained mutation: Your flesh is cold resistant. (rC+) [White
                  | Draconian growth]
  4916 | D:5      | Found Zyxoir's Assorted Antiques.
  4960 | D:5      | Reached *** piety under Cheibriados
  5497 | D:6      | Found a glowing drain.
  5521 | Sewer    | Entered a sewer
  5676 | D:6      | Reached XP level 8. HP: 24/66 MP: 11/11
  5682 | D:6      | Reached **** piety under Cheibriados
  5682 | D:6      | HP: 1/65 [wight/+2 spear of venom (9)]
  5688 | D:6      | HP: 3/65 [wight/+1 short sword (3)]
  5986 | D:6      | Reached skill level 5 in Fighting
  5986 | D:6      | Reached skill level 5 in Invocations
  6075 | D:6      | Found a runed translucent gate.
  6076 | D:6      | Found a runed translucent gate.
  6077 | D:6      | Found a runed translucent gate.
  6080 | D:6      | Noticed middlethird's ghost (novice VSEE)
  6118 | D:6      | Reached skill level 8 in Unarmed Combat
  6654 | D:6      | Found a stormy altar of Qazlal.
  6665 | D:6      | Reached XP level 9. HP: 58/74 MP: 12/14
  6669 | D:6      | Learned a level 3 spell: Confusing Touch
  6966 | D:7      | Reached skill level 1 in Spellcasting
  7047 | D:7      | Reached skill level 9 in Unarmed Combat
  7047 | D:7      | Reached skill level 1 in Hexes
  7083 | D:7      | Found a bloodstained altar of Trog.
  7097 | D:7      | Reached ***** piety under Cheibriados
  7103 | D:7      | Noticed Joseph
  7112 | D:7      | Slain by Joseph

Illustrated notes

Levels and vault maps discovered:
D:1:      pf_arrival_petrified_forest, layout_rooms,
          shapermc_ecumenical_altar_pompeii, minmay_tall_x
D:2:      layout_basic, basic_altar, minmay_diced_spiral
D:3:      layout_loops_ring, nicolae_overflow_hidden_temple
D:4:      layout_loops_cross, nicolae_elyvilon_temple_path,
          minmay_temple_entry_waves, serial_shops, nicolae_lakefront_shop,
          uniq_ijyb, uniq_menkaure, uniq_blork_the_orc
D:5:      layout_loops_ring, serial_shops, nicolae_shop_back_alley_shop,
          minivault_25
D:6:      layout_cave_pools, nicolae_qazlal_beasts_of_the_sky,
          gup_sewer_entry_pipe, biasface_ghost_orc_armoury
D:7:      minmay_the_grid_triangle_9x9_rhombus_thin
          [minmay_the_grid_triangle_9x9_corruption,
          minmay_the_grid_triangle_9x9_prize_top_heavy,
          minmay_the_grid_triangle_9x9_zippers_horizontal,
          minmay_the_grid_triangle_9x9_limited_checkers], layout_basic,
          nicolae_gozag_seed_capital, trog_antimagical, uniq_joseph
Temple:   eino_narrow_crystal_temple

Skill      XL: |  1  2  3  4  5  6  7  8  9 |
---------------+----------------------------+-----
Unarmed Combat | 4 5 6 7 8 9 |  9.3
Invocations    | 2 4 6 7 |  7.6
Dodging        | 3 4 |  4.4
Fighting       | 4 5 |  5.3
Spellcasting   | 2 |  2.3
Hexes          | 2 |  2.3

Action                     |  1- 3 |  4- 6 |  7- 9 || total
---------------------------+-------+-------+-------++-------
  Melee: Unarmed           |   120 |    95 |   220 ||   435
         Tailslap          |    20 |    21 |    41 ||    82
         Short sword       |       |    34 |       ||    34
         Kick              |       |     8 |    83 ||    91
   Cast: Confusing Touch   |       |       |     1 ||     1
    Use: Scroll            |       |    10 |     5 ||    15
         Potion            |       |     8 |     5 ||    13
 Armour: Skin              |    25 |    19 |    74 ||   118
  Dodge: Dodged            |    63 |    70 |   202 ||   335
